 Dungeon Crawl Stone Soup version 0.22-a0-348-gd16d139 (webtiles) character file.

8 iamserjio the Skirmisher (level 2, -2/21 HPs)
             Began as an Octopode Monk on Apr 10, 2018.
             Killed from afar by a dart slug (6 damage)
             ... with a slug dart
             ... on level 1 of the Dungeon.
             The game lasted 00:00:23 (62 turns).

iamserjio the Skirmisher (Octopode Monk)              Turns: 62, Time: 00:00:24

Health: -2/21      AC:  1    Str: 10    XL:     2   Next: 8%
Magic:  2/2        EV: 14    Int: 12    God:
Gold:   16         SH:  0    Dex: 14    Spells: 1/1 levels left

rFire    . . .     SeeInvis .   a - +0 falchion
rCold    . . .     Gourm    .   (no shield)
rNeg     . . .     Faith    .   (helmet restricted)
rPois    .         Spirit   .   (no amulet)
rElec    .         Reflect  .   (no ring)
rCorr    .         Harm     .   (no ring)
MR       .....                  (no ring)
Stlth    +++.......             (no ring)
HPRegen  0.07/turn              (no ring)
MPRegen  0.08/turn              (no ring)
                                (no ring)
                                (no ring)

@: no status effects
A: almost no armour, stealthy swim, amphibious, 8 rings, constrict 8, camouflage
1, gelatinous body 1
a: no special abilities


You were on level 1 of the Dungeon.
You were not hungry.

You visited 1 branch of the dungeon, and saw 1 of its levels.

You collected 16 gold pieces.

Inventory:

Hand Weapons
 a - a +0 falchion (weapon)
Scrolls
 d - a scroll of teleportation {unknown}
Potions
 c - a potion of curing {unknown}
 e - 2 potions of lignification {unknown}
Comestibles
 b - a ration


   Skills:
 + Level 3.1 Fighting
 + Level 3.1 Long Blades
 + Level 3.1 Dodging
 + Level 3.0 Stealth


You had one spell level left.
You didn't know any spells.

Dungeon Overview and Level Annotations

Branches:
Dungeon (1/15)

Altars:


Innate Abilities, Weirdness & Mutations

You cannot wear most types of armour.
You are very stealthy in the water. (Stealth+)
You are amphibious.
You can wear up to eight rings at the same time.
You can use your tentacles to constrict eight enemies at once.
Your skin changes colour to match your surroundings (Stealth+).
Your rubbery body absorbs attacks. (AC +1, EV +1)


Message History

The jackal is almost dead.
You constrict the jackal.
You kill the jackal!
Your Stealth skill increases to level 3!
You have reached level 2!
You completely miss the jackal. You grab the jackal.
You constrict the jackal, but do no damage.
The jackal bites you.
* * * LOW HITPOINT WARNING * * *
The jackal closely misses you.
You hit the jackal.
You squeeze the jackal, but do no damage.
The jackal is heavily wounded.
You constrict the jackal, but do no damage.
The jackal closely misses you. The jackal barely misses you.
You barely miss the jackal.
You kill the jackal!
The dart slug launches a dart at you. The slug dart hits you!
You die...

######### . #####.......#
...
..###...###.###########.....
..........#.....@†w.........
..........#..######..†....##
##...###.....#####.........#
......>#...................#
.......#....#.####.........#
........(.###... #>.........
...#.....)#####............#
..........#......##.....[.##
.......#..†.####.#


You could see a dart slug.

Vanquished Creatures
  2 hobgoblins (D:1)
  4 jackals (D:1)
6 creatures vanquished.

Notes
Turn   | Place    | Note
-------+----------+-------------------------------------------
     0 | D:1      | iamserjio the Octopode Monk began the quest for the Orb.
     0 | D:1      | Reached XP level 1. HP: 16/16 MP: 1/1
    58 | D:1      | Reached XP level 2. HP: 5/21 MP: 2/2
    62 | D:1      | Killed from afar by a dart slug

Vault maps used:
D:1:      minmay_arrival_open_corners

Skill      XL: |  1 |
---------------+----+-----
Stealth        | 3 |  3.0
Fighting       | |  3.1
Long Blades    | |  3.1
Dodging        | |  3.1

Action                   || total
-------------------------++-------
Melee: Falchion          ||    16
       Constrict         ||     6
       Tentacles         ||     6
Dodge: Dodged            ||    19
       Rpst.: Falchion   ||     4

Table legend:
 A = Spawn XP
 B = Non-spawn XP
 C = Spawn XP percentage of total XP
 D = Spawn monster count
 E = Non-spawn monster count
 F = Spawn count percentage of total count
 G = Total turns spent on level
                    A         B        C        D         E        F      G
               +---------+---------+-------+---------+---------+-------+---------
         Total |       0 |      12 |   0.0 |       0 |       6 |   0.0 |    62
               +---------+---------+-------+---------+---------+-------+---------
           D:1 |       0 |      12 |   0.0 |       0 |       6 |   0.0 |    62
               +---------+---------+-------+---------+---------+-------+---------
